 Dungeon Crawl Stone Soup version 0.29.1-15-g9cfb28693d (webtiles) character file.

Game seed: 9136311403300568343

625 Peloso the Covered (level 7, 0/61 HPs)
             Began as a Minotaur Fighter on Apr 28, 2023.
             Was a Follower of Okawaru.
             Shot with an arrow by a centaur (5 damage)
             ... on level 5 of the Dungeon.
             The game lasted 00:06:05 (3828 turns).

Peloso the Covered (Minotaur Fighter)               Turns: 3828, Time: 00:06:05

Health: 0/61       AC: 15    Str: 26    XL:     7   Next: 23%
Magic:  6/6        EV:  7    Int:  5    God:    Okawaru [*.....]
Gold:   299        SH:  5    Dex: 12    Spells: 6/6 levels left

rFire   . . .      SeeInvis .   a - +0 long sword
rCold   . . .      Faith    .   d - +0 buckler
rNeg    . . .      Spirit   .   m - +0 plate armour
rPois   .          Reflect  .   (helmet restricted)
rElec   .          Harm     .   (no cloak)
rCorr   .          Rampage  .   o - +0 pair of gloves
Will    .....                   c - +0 pair of boots
Stlth   ..........              (no amulet)
HPRegen 0.20/turn               h - +6 ring of strength
MPRegen 0.10/turn               (no ring)

@: no status effects
A: horns 2, retaliatory headbutt
a: Renounce Religion, Heroism


You were on level 5 of the Dungeon.
You worshipped Okawaru.
Okawaru was aware of your devotion.
You visited 2 branches of the dungeon, and saw 6 of its levels.

You collected 299 gold pieces.

Inventory:

Hand Weapons
 a - a +0 long sword (weapon)
Armour
 b - a +0 scale mail
 c - a +0 pair of boots (worn)
 d - a +0 buckler (worn)
 m - a +0 plate armour (worn)
 o - a +0 pair of gloves (worn)
Jewellery
 h - a +6 ring of strength (left hand)
 s - a ring of see invisible
Scrolls
 f - a scroll of teleportation {unknown}
 g - a scroll of poison
 k - a scroll of magic mapping
 l - 2 scrolls of amnesia
 p - a scroll of fear {unknown}
 u - a scroll of enchant weapon {unknown}
Potions
 e - a potion of magic
 i - 2 potions of haste
 j - a potion of mutation {unknown}
 n - 2 potions of curing
 q - a potion of cancellation
 r - a potion of berserk rage {unknown}
 t - a potion of ambrosia {unknown}


   Skills:
 + Level 5.5 Fighting
 + Level 5.7 Long Blades
 + Level 6.3 Armour
 + Level 1.0 Dodging
 + Level 0.1 Stealth
 + Level 5.1 Shields


You had 6 spell levels left.
You didn't know any spells.
Your spell library contained the following spells:

 Spells                   Type           Power      Damage    Failure   Level
 Foxfire                  Conj/Fire      0%         2x1d4     100%        1
 Sandblast                Erth           0%         2d4       100%        1
 Passwall                 Tmut/Erth      0%         N/A       100%        2
 Conjure Flame            Conj/Fire      0%         6-21      100%        3
 Inner Flame              Hex/Fire       0%         N/A       100%        3
 Stone Arrow              Conj/Erth      0%         3d7       100%        3
 Flame Wave               Conj/Fire      0%         2d4       100%        4


Dungeon Overview and Level Annotations

Branches:
Dungeon (5/15)             Temple (1/1) D:4

Altars:
Ashenzari
Cheibriados
Elyvilon
Fedhas
Hepliaklqana
Makhleb
Nemelex Xobeh
Okawaru
Sif Muna
Uskayaw
Vehumet
Wu Jian
Xom
Yredelemnul
Zin
The Shining One


Innate Abilities, Weirdness & Mutations

You have a pair of horns on your head.
You reflexively headbutt those who attack you in melee.


Message History

The iguana is severely wounded.
The iguana bites you.
You hit the iguana but do no damage. Your headbutt misses the iguana.
The iguana is severely wounded.
The iguana bites you.
You hit the iguana but do no damage. You headbutt the iguana.
The iguana is almost dead.
The iguana bites you.
You hit the iguana.
The iguana is almost dead.
You block the iguana's attack.
You hit the iguana but do no damage. You headbutt the iguana.
You kill the iguana!
Okawaru accepts your kill.
You can now gain great but temporary skills.
The phantom hits you but does no damage.
Your Shields skill increases to level 5!
You hit the phantom but do no damage.
The phantom hits you but does no damage.
You hit the phantom but do no damage. Your headbutt misses the phantom.
The phantom barely misses you. You furiously retaliate!
You headbutt the phantom! You closely miss the phantom.
Your headbutt misses the phantom.
The phantom is heavily damaged.
The phantom hits you but does no damage.
You slash the phantom! Your headbutt misses the phantom.
The phantom is almost destroyed.
The phantom closely misses you. You furiously retaliate!
You headbutt the phantom!
You destroy the phantom!
Okawaru accepts your kill.
The centaur shoots an arrow.
The arrow hits you.
* * * LOW HITPOINT WARNING * * *
The arrow freezes you.
* * * LOW HITPOINT WARNING * * *
The centaur shoots an arrow.
The arrow barely misses you.
The centaur shoots an arrow.
The arrow hits you!
* * * LOW HITPOINT WARNING * * *
The arrow freezes you.
You die...

.#.....#†#..#### .# .#
#)...(#.......##.#..#
###.#####.###.##.#..#####.
... #..⌠..#.##.#.......#
#.. .#....c#.#....#....##
#.. 88..⌠.⌠.⌠†............#
.#..8..#.....#.............
....#..⌠..#.............
#.# ###.###.#@.......... ..
#.......##.#..#....
#...#######...# . ...>.
##.#.# .#. #....# #..###
#..# #..# #..#


You could see a centaur.

Vanquished Creatures
  An ogre (D:4)
  2 phantoms (D:5)
  A necrophage (D:5)
  A gnoll bouda (Temple)
  Terence (D:3)
  An iguana (D:5)
  2 orc wizards (D:4)
  6 adders
  4 gnolls
  3 worms (D:2)
  4 dart slugs
  4 orcs
  10 ball pythons
  4 bats
  9 endoplasms
  3 giant cockroaches
  11 goblins
  6 hobgoblins
  7 jackals
  7 kobolds
  5 frilled lizards
  2 rats
94 creatures vanquished.

Vanquished Creatures (others)
  3 plants (D:1)
3 creatures vanquished.

Grand Total: 97 creatures vanquished

Notes
Turn   | Place    | Note
-------+----------+-------------------------------------------
     0 | D:1      | Peloso the Minotaur Fighter began the quest for the Orb.
     0 | D:1      | Reached XP level 1. HP: 19/19 MP: 0/0
    36 | D:1      | Reached XP level 2. HP: 8/27 MP: 1/1
   300 | D:1      | Reached skill level 4 in Armour
   829 | D:1      | Reached XP level 3. HP: 33/33 MP: 2/2
  1603 | D:2      | Reached XP level 4. HP: 40/40 MP: 3/3
  1659 | D:2      | Found a faded altar of an unknown god.
  2150 | D:3      | Reached XP level 5. HP: 32/47 MP: 4/4
  2367 | D:3      | Reached skill level 5 in Fighting
  2441 | D:3      | Noticed Terence
  2449 | D:3      | Killed Terence
  2935 | D:4      | Noticed an ogre
  2966 | D:4      | Killed an ogre
  2967 | D:4      | Reached skill level 1 in Dodging
  2967 | D:4      | Reached XP level 6. HP: 37/56 MP: 5/5
  2975 | D:4      | Reached skill level 5 in Armour
  3351 | D:4      | Found a staircase to the Ecumenical Temple.
  3365 | Temple   | Entered the Ecumenical Temple
  3372 | Temple   | Became a worshipper of Warmaster Okawaru
  3425 | Temple   | Reached skill level 5 in Long Blades
  3620 | D:4      | Found a broken altar of Ashenzari.
  3769 | D:5      | Entered Level 5 of the Dungeon
  3813 | D:5      | Reached skill level 6 in Armour
  3813 | D:5      | Reached XP level 7. HP: 43/61 MP: 6/6
  3822 | D:5      | Reached * piety under Okawaru
  3823 | D:5      | Reached skill level 5 in Shields
  3828 | D:5      | Shot with an arrow by a centaur

Illustrated notes

Levels and vault maps discovered:
D:1:      wander_arrival_estate, layout_basic, serial_bayou_pond_d
D:2:      layout_rooms, hellmonk_ecumenical_altar_heavens_door
D:3:      layout_basic, hangedman_decor_growths, uniq_terence
D:4:      layout_rooms, nicolae_overflow_hidden_temple, minmay_temple_entry_grid
D:5:      layout_loops_ring, minmay_chambers_of_fives, uniq_duvessa
Temple:   hellmonk_temple_two_chambers

Skill      XL: |  1  2  3  4  5  6  7 |
---------------+----------------------+-----
Armour         | 4 6 |  6.3
Fighting       | 4 5 |  5.5
Shields        | 4 5 |  5.1
Long Blades    | 3 4 5 |  5.7
Dodging        | 1 |  1.0
Stealth        | |  0.1

Action                   |  1- 3 |  4- 6 |  7- 9 || total
-------------------------+-------+-------+-------++-------
Melee: Long sword        |    98 |   159 |     9 ||   266
       Headbutt          |    15 |    26 |     2 ||    43
  Use: Potion            |     3 |     1 |       ||     4
       Scroll            |     2 |     6 |       ||     8
Armor: Scale mail        |    51 |    29 |       ||    80
       Plate armour      |       |    88 |     3 ||    91
Dodge: Dodged            |    46 |    75 |     4 ||   125
Block: Buckler           |    23 |    43 |     1 ||    67
